 Dungeon Crawl Stone Soup version 0.28-a0-1518-gbe868bca14 (webtiles) character file.

Game seed: 1559054971049442948

42 horus123 the Chopper (level 3, 0/33 HPs)
             Began as a Hill Orc Monk on Jan 17, 2022.
             Slain by a hobgoblin (2 damage)
             ... on level 2 of the Dungeon.
             The game lasted 00:02:18 (1101 turns).

horus123 the Chopper (Hill Orc Monk)                Turns: 1101, Time: 00:02:18

Health: 0/33       AC:  3    Str: 15    XL:     3   Next: 56%
Magic:  3/3        EV: 12    Int: 10    God:
Gold:   26         SH:  0    Dex: 13    Spells: 2/2 levels left

rFire   . . .      SeeInvis .   a - +0 hand axe
rCold   . . .      Faith    .   (no shield)
rNeg    . . .      Spirit   .   c - +0 leather armour
rPois   .          Reflect  .   (no helmet)
rElec   .          Harm     .   (no cloak)
rCorr   .          Rampage  .   (no gloves)
Will    .....                   (no boots)
Stlth   ++........              (no amulet)
HPRegen 0.11/turn               (no ring)
MPRegen 0.08/turn               (no ring)

@: no status effects
A: no striking features
a: no special abilities


You were on level 2 of the Dungeon.
You visited 1 branch of the dungeon, and saw 2 of its levels.

You collected 26 gold pieces.

Inventory:

Hand Weapons
 a - a +0 hand axe (weapon)
 f - a +0 flail
Armour
 b - a +0 robe
 c - a +0 leather armour (worn)


   Skills:
 - Level 4.2 Fighting
 - Level 5.0 Axes
 + Level 1.4 Armour
 - Level 2.4 Dodging
 - Level 1.5 Stealth


You had 2 spell levels left.
You didn't know any spells.
Your spell library was empty.

Dungeon Overview and Level Annotations

Branches:
Dungeon (2/15)

Altars:

Annotations:
D:2 Jessica, Robin


Message History

Jessica blinks!
The adder barely misses you.
You barely miss the adder.
The adder is heavily wounded.
You closely miss the hobgoblin.
The hobgoblin hits you but does no damage.
The adder barely misses you.
You hit the adder.
The adder is almost dead.
You hit the hobgoblin. The adder bites you.
You are poisoned.
The adder poisons you!
The hobgoblin hits you but does no damage.
The adder bites you.
* * * LOW HITPOINT WARNING * * *
You closely miss the adder.
The adder is almost dead.
You closely miss the hobgoblin.
You feel sick.
Jessica mumbles some strange words.
Jessica blinks!
The hobgoblin misses you. The adder bites you.
* * * LOW HITPOINT WARNING * * *
You hit the adder.
You kill the adder!
You closely miss the hobgoblin.
You feel sick. The hobgoblin closely misses you.
The hobgoblin barely misses you.
Your Armour skill increases to level 1!
You hit the hobgoblin.
The hobgoblin is severely wounded.
You hit the hobgoblin.
You feel sick. The hobgoblin misses you. x2
You hit the hobgoblin.
You kill the hobgoblin!
You barely miss the hobgoblin.
You feel sick.
You are no longer poisoned.
The hobgoblin hits you.
* * * LOW HITPOINT WARNING * * *
The goblin unwields a +0 club.
The goblin wields a +0 hunting sling.
The goblin shoots a stone.
The stone misses you.
You barely miss the hobgoblin.
The hobgoblin is moderately wounded.
The hobgoblin hits you.
You die...

#...# #...#
######...######
..#.............#
................##
#........g......
#####J<...###..#
#g#...#.#
#@#...#.# #)#...#
# ##g....# .@....#
#.##.#.# gg #.#.#
#


You could see Jessica (fast), an endoplasm, a hobgoblin and a goblin.

Vanquished Creatures
  A gnoll (D:1)
  An adder (D:2)
  A dart slug (D:1)
  2 endoplasms (D:1)
  A giant cockroach (D:1)
  5 goblins
  4 hobgoblins
  A frilled lizard (D:1)
  A kobold (D:1)
  4 rats (D:1)
21 creatures vanquished.

Notes
Turn   | Place    | Note
-------+----------+-------------------------------------------
     0 | D:1      | horus123 the Hill Orc Monk began the quest for the Orb.
     0 | D:1      | Reached XP level 1. HP: 19/19 MP: 1/1
   139 | D:1      | Reached XP level 2. HP: 16/26 MP: 2/2
   400 | D:1      | Reached skill level 5 in Axes
   606 | D:1      | Reached XP level 3. HP: 7/33 MP: 3/3
  1061 | D:2      | Noticed Jessica
  1069 | D:2      | Noticed Robin
  1099 | D:2      | Reached skill level 1 in Armour
  1101 | D:2      | Slain by a hobgoblin

Illustrated notes

Levels and vault maps discovered:
D:1:      dpeg_arrival_long_road, layout_rooms
D:2:      layout_loops_cross, minmay_guardbox, uniq_jessica, uniq_sigmund,
          uniq_robin

Skill      XL: |  1  2  3 |
---------------+----------+-----
Axes           | 5 |  5.0
Fighting       | 4 |  4.2
Armour         | 1 |  1.4
Dodging        | |  2.4
Stealth        | |  1.5

Action                   || total
-------------------------++-------
Melee: Hand axe          ||    93
  Use: Scroll            ||     2
       Potion            ||     1
 Stab: Sleeping          ||     2
Armor: Robe              ||     3
       Leather armour    ||    15
Dodge: Dodged            ||    65

Table legend: (Time is in decaauts)
 A = Elapsed time spent in this place.
 B = Non-inter-level travel time spent in this place.
 C = Inter-level travel time spent in this place.
 D = Time resting spent in this place.
 E = Time spent auto-exploring this place.
 F = Levels seen in this place.
 G = Mean time per level.
                   A        B        C        D        E       F      G
               +--------+--------+--------+--------+--------+-----+--------+
         Total |   1106 |   1081 |     25 |    418 |    478 |   2 |  553.0 |
       Dungeon |   1106 |   1081 |     25 |    418 |    478 |   2 |  553.0 |
               +--------+--------+--------+--------+--------+-----+--------+

Top non-repeatable levels by time:
     D:1: 1064 daAuts
     D:2: 41 daAuts
